AoeStats
← Fireworks

Arena

507943992Analyzed
4v4 RM · 13d ago on Sep 20, 2026· 45m 7s· 8 players
Game mode
Random Map
Map size
Large (8 player)
Population
200
Speed
Normal
Resources
Standard
Victory
Conquest
Starting age
Dark Age
Ending age
Imperial Age
RankedLock teamsTeams togetherTeam positionsShared explorationLock speedFull tech treeHidden civsTurbo modeCheats
Victory
Defeat
🇨🇳 Georgians · China
1466
+9
🇨🇳 Hindustanis · China
1459
+10
🇨🇳 Magyars · China
1350
+14
🇨🇳 Khmer · China
1341
+14
🇬🇧 Italians · United Kingdom
1365
-14
🇬🇧 Vietnamese · United Kingdom
1296
-11
🇦🇷 Japanese · Argentina
1290
-11
🇮🇪 Gurjaras · Ireland
1287
-11
澳門陽光男孩
10:52 Feudal Age
12:46 Double-Bit Axe
15:13 Castle Age
13:09 Horse Collar
14:54 Gold Mining
15:12 Stone Mining
16:21 Loom
23:33 Scale Mail Armor
24:19 Forging
25:44 Chain Mail Armor
27:17 Iron Casting
33:11 Wheelbarrow
44:20 Bow Saw
45:36 Fortified Wall
Groundskeeper Willie
10:51 Feudal Age
17:06 Castle Age
15:57 Double-Bit Axe
15:55 Horse Collar
17:33 Scale Barding Armor
18:33 Wheelbarrow
19:58 Loom
21:50 Forging
26:32 Bow Saw
26:32 Heavy Plow
31:20 Hand Cart
34:54 Town Watch
37:08 Gold Mining
37:11 Stone Mining
41:03 Imperial Age
40:13 Iron Casting
39:39 Scale Mail Armor
40:31 Squires
40:17 Arson
41:21 Elite Fire Lancer
41:22 Pikeman
42:32 Chain Mail Armor
45:10 Town Patrol
GreyZepher
11:48 Feudal Age
15:52 Castle Age
13:43 Double-Bit Axe
14:02 Horse Collar
16:42 Bow Saw
16:42 Heavy Plow
26:02 Forging
29:13 Iron Casting
31:40 Wheelbarrow
30:50 Loom
33:03 Scale Mail Armor
34:12 Hand Cart
36:52 Imperial Age
34:24 Arson
35:42 Gold Mining
37:33 Kshatriyas
39:18 Husbandry
39:28 Bloodlines
39:25 Scale Barding Armor
39:19 Elite Shrivamsha Rider
40:15 Chain Mail Armor
40:25 Conscription
41:12 Gold Shaft Mining
42:04 Chain Barding Armor
45:01 Plate Barding Armor
SeemsFishy
10:39 Feudal Age
11:48 Double-Bit Axe
14:16 Castle Age
13:12 Horse Collar
13:26 Gold Mining
15:32 Wheelbarrow
15:31 Bow Saw
19:10 Stone Mining
20:35 Heavy Plow
22:01 Loom
26:00 Imperial Age
25:14 Hand Cart
25:20 Padded Archer Armor
25:35 Masonry
26:35 Leather Archer Armor
27:42 Chemistry
27:04 Fletching
28:52 Stone Shaft Mining
29:50 Bodkin Arrow
30:18 Ballistics
33:06 Conscription
37:21 Fortified Wall
38:10 Scale Mail Armor
38:21 Forging
38:49 Architecture
唐火火
10:35 Feudal Age
14:36 Castle Age
12:35 Double-Bit Axe
12:46 Horse Collar
15:40 Wheelbarrow
14:51 Loom
16:14 Heavy Plow
19:41 Heavy Plow
20:07 Bow Saw
22:27 Gold Mining
22:32 Stone Mining
24:37 Gold Shaft Mining
25:23 Stone Shaft Mining
27:55 Imperial Age
26:10 Hand Cart
25:46 Town Watch
28:26 Heavy Scorpion
30:12 Crop Rotation
29:48 Town Patrol
29:54 Double Crossbow
30:15 Conscription
31:09 Chemistry
30:31 Siege Engineers
31:01 Capped Ram
33:38 Ballistics
32:43 Siege Ram
44:59 Fletching
45:09 Padded Archer Armor
Fireworks
10:34 Feudal Age
15:02 Castle Age
13:26 Double-Bit Axe
13:22 Horse Collar
14:03 Gold Mining
14:15 Scale Mail Armor
14:03 Loom
20:49 Chain Mail Armor
21:45 Town Watch
25:03 Stone Mining
26:22 Wheelbarrow
36:37 Imperial Age
36:37 Forging
40:32 Iron Casting
39:24 Elite Ghulam
40:43 Hand Cart
40:40 Bow Saw
40:31 Heavy Plow
41:07 Gold Shaft Mining
43:37 Blast Furnace
42:39 Squires
42:25 Arson
42:58 Town Patrol
43:59 Two-Man Saw
45:03 Stone Shaft Mining
93老玩家回归
10:02 Feudal Age
15:01 Castle Age
13:35 Double-Bit Axe
13:42 Horse Collar
15:46 Wheelbarrow
25:37 Loom
26:08 Caravan
26:27 Fletching
赶脚的柠檬头
10:21 Feudal Age
14:09 Castle Age
12:30 Double-Bit Axe
12:48 Horse Collar
15:15 Bow Saw
20:18 Wheelbarrow
23:19 Gold Mining
27:08 Imperial Age
24:24 Loom
25:04 Hand Cart
25:01 Scale Mail Armor
24:59 Town Watch
24:45 Man-at-Arms
25:34 Stone Mining
25:42 Long Swordsman
26:22 Squires
26:37 Forging
26:57 Chain Mail Armor
26:42 Gambesons
26:42 Arson
27:14 Capped Ram
27:18 Two-Handed Swordsman
27:59 Elite Skirmisher
28:30 Fletching
29:07 Ballistics
29:10 Conscription
29:51 Plate Mail Armor
30:31 Bodkin Arrow
31:25 Iron Casting
32:50 Bracer
33:51 Chemistry
33:32 Padded Archer Armor
33:14 Treadmill Crane
35:04 Champion
35:48 Padded Archer Armor
36:04 Siege Ram
37:39 Leather Archer Armor
38:25 Blast Furnace
38:42 Scale Barding Armor
39:18 Heavy Plow
39:25 Champion
42:35 Chain Barding Armor
43:12 Bloodlines
43:02 Husbandry
42:23 Light Cavalry
Connection lost

Rejoining the realm…

Still unreachable

The connection could not be restored.

Session expired

The server has moved on; the page needs a fresh start.